 Dungeon Crawl Stone Soup version 0.28.0-53-g5a82cb258f (webtiles) character file.

Game seed: 6893433033882241403

186 gobodom the Firebug (level 5, -4/41 HPs)
             Began as a Demonspawn Cinder Acolyte on June 21, 2022.
             Was a High Priest of Ignis.
             Slain by an orc warrior
             ... wielding a +0 long sword
              (15 damage)
             ... on level 4 of the Dungeon.
             The game lasted 00:11:01 (4234 turns).

gobodom the Firebug (Demonspawn Cinder Acolyte)     Turns: 4234, Time: 00:11:02

Health: -4/41      AC:  9    Str: 15    XL:     5   Next: 38%
Magic:  8/8        EV: 11    Int: 15    God:    Ignis [*****.]
Gold:   164        SH:  0    Dex: 10    Spells: 6/8 levels left

rFire   + . .      SeeInvis .   a - +0 hand axe (flame)
rCold   . . .      Faith    .   (no shield)
rNeg    . . .      Spirit   .   b - +0 robe
rPois   .          Reflect  .   h - +0 helmet
rElec   .          Harm     .   (no cloak)
rCorr   +          Rampage  .   (no gloves)
Will    .....                   (no boots)
Stlth   +.........              l - amulet of magic regeneration
HPRegen 0.13/turn               p - +4 ring of protection
MPRegen 0.51/turn               s - ring of resist corrosion

@: no status effects
A: molten scales 1, demonic guardian 2
a: Renounce Religion, Fiery Armour, Foxfire Swarm, Rising Flame


You were on level 4 of the Dungeon.
You worshipped Ignis.
Ignis was extremely pleased with you.
You visited 1 branch of the dungeon, and saw 4 of its levels.

You collected 164 gold pieces.

Inventory:

Hand Weapons
 a - a +0 hand axe of flaming (weapon)
 t - a +3 mace
 x - a +1 dagger of draining
Missiles
 w - 8 poisoned darts
Armour
 b - a +0 robe (worn)
 h - a +0 helmet (worn)
Jewellery
 l - an amulet of magic regeneration (around neck)
 n - a ring of fire
 p - a +4 ring of protection (left hand)
 r - an amulet of guardian spirit
 s - a ring of resist corrosion (right hand)
Scrolls
 m - a scroll of blinking
 q - a scroll of teleportation
Potions
 c - 4 potions of might
 d - a potion of invisibility {unknown}
 e - a potion of flight {unknown}
 f - a potion of berserk rage {unknown}
 g - a potion of resistance {unknown}
 i - a potion of mutation {unknown}
 j - a potion of cancellation {unknown}
 o - 4 potions of heal wounds
 v - a potion of attraction {unknown}


   Skills:
 + Level 3.5 Fighting
 + Level 3.6 Axes
 + Level 1.1 Dodging
 + Level 1.0 Stealth
 + Level 2.1 Spellcasting
 + Level 3.7 Fire Magic


You had 6 spell levels left.
You knew the following spells:

 Your Spells              Type           Power      Damage    Failure   Level
a - Scorch                Fire           24%        2d6       8%          2

Your spell library contained the following spells:

 Spells                   Type           Power      Damage    Failure   Level
 Magic Dart               Conj           4%         1d3       22%         1
 Call Imp                 Summ           1%         N/A       32%         2
 Corpse Rot               Necr/Air       2%         N/A       32%         2
 Poisonous Vapours        Pois/Air       2%         N/A       32%         2
 Static Discharge         Conj/Air       1%         N/A       32%         2
 Mephitic Cloud           Conj/Pois/Air  1%         N/A       54%         3
 Lightning Bolt           Conj/Air       0%         1d11      99%         5
 Maxwell's Capacitive Co  Air            0%         ∞         100%        8


Dungeon Overview and Level Annotations

Branches:
Dungeon (4/15)
 Temple: D:4-7

Altars:
Qazlal

Annotations:
D:4 2 transporters, bchevrier's ghost, amateur GnWr


Innate Abilities, Weirdness & Mutations

You are partially covered in molten scales. (AC +2)
A demonic guardian rushes to your aid.


Message History

Flames lash the orc warrior.
The orc warrior is burned terribly!
The orc warrior is heavily wounded.
The orc warrior hits you but does no damage.
You hit the orc warrior but do no damage.
The orc warrior is heavily wounded.
The orc warrior hits you with a +0 long sword.
You closely miss the orc warrior.
You punch the orc warrior, but do no damage.
The orc warrior is heavily wounded.
The orc warrior hits you with a +0 long sword.
A demonic guardian appears!
You hit the orc warrior. You burn the orc warrior.
The orc warrior is heavily wounded.
The orc warrior hits you with a +0 long sword!
Your hellwing hits the orc warrior.
Your hellwing hits the orc warrior but does no damage.
You hit the orc warrior but do no damage.
The orc warrior is heavily wounded.
The orc warrior hits you with a +0 long sword.
Your hellwing hits the orc warrior.
Your hellwing hits the orc warrior but does no damage.
You hit the orc warrior but do no damage.
The orc warrior is severely wounded.
The orc warrior hits you with a +0 long sword!
* * * LOW HITPOINT WARNING * * *
Your hellwing barely misses the orc warrior.
Your hellwing hits the orc warrior.
You hit the orc warrior but do no damage.
The orc warrior is severely wounded.
The orc warrior is no longer more vulnerable to fire.
The orc warrior misses you.
Your hellwing barely misses the orc warrior. x2
You closely miss the orc warrior.
The orc warrior is severely wounded.
The orc warrior barely misses you.
Your hellwing misses the orc warrior. Your hellwing hits the orc warrior.
You hit the orc warrior but do no damage.
The orc warrior is almost dead.
The orc warrior hits you with a +0 long sword!
You die...

##...## ##.....## #....o..####
#...........#############
##....o..###.............) .#.
<......................#.#
#.#######...####.#.######...#.#
#.##.......olo@#.#.## #..#.÷#
#.##.#####.###4#....## #.#...#
#.##.# ##.# #.......# ##....#
#.##.# #..# #.......# ####(.
#.##.# #.## #.....#.#####.....
##.##.####.# #..####....#.#....
##.#........# #..# ##...#..#...
#.###.............# #....#...#.#
##.#.###.#..####.#####..###.....#


You could see an orc warrior (ally target), an iguana, an orc and a friendly
hellwing (summoned).

Vanquished Creatures
  A hound (D:4)
  2 adders
  2 adder skeletons (D:4)
  A worm (D:3)
  A dart slug (D:4)
  An orc (D:3)
  8 ball pythons
  7 bats
  2 endoplasms
  3 giant cockroaches (D:1)
  8 goblins
  3 hobgoblins
  8 jackals
  3 quokkas
  4 frilled lizards
  4 kobolds
  5 rats
63 creatures vanquished.

Vanquished Creatures (collateral kills)
  A scorpion (D:4)
  A dart slug (D:1)
  A quokka (D:2)
3 creatures vanquished.

Grand Total: 66 creatures vanquished

Notes
Turn   | Place    | Note
-------+----------+-------------------------------------------
     0 | D:1      | gobodom the Demonspawn Cinder Acolyte began the quest for
                  | the Orb.
     0 | D:1      | Reached XP level 1. HP: 18/18 MP: 2/2
   228 | D:1      | Gained mutation: A weak demonic guardian rushes to your
                  | aid. [demonic ancestry]
   228 | D:1      | Reached XP level 2. HP: 22/24 MP: 3/3
  1464 | D:2      | Gained mutation: You are partially covered in molten
                  | scales. (AC +2) [demonic ancestry]
  1464 | D:2      | Reached XP level 3. HP: 29/29 MP: 4/4
  1467 | D:2      | Learned a level 2 spell: Scorch
  1724 | D:2      | Found a faded altar of an unknown god.
  3554 | D:4      | Gained mutation: A demonic guardian rushes to your aid.
                  | [demonic ancestry]
  3554 | D:4      | Reached XP level 4. HP: 32/35 MP: 5/5
  3556 | D:4      | Found a stormy altar of Qazlal.
  3651 | D:4      | Noticed a scorpion
  3662 | D:4      | Killed a scorpion
  3663 | D:4      | Reached skill level 1 in Dodging
  3727 | D:4      | Reached XP level 5. HP: 41/41 MP: 3/7
  3753 | D:4      | Found a transporter.
  3753 | D:4      | Noticed an ogre
  3754 | D:4      | Noticed bchevrier's ghost (amateur GnWr)
  3755 | D:4      | Found a transporter.
  4005 | D:4      | Reached skill level 1 in Stealth
  4215 | D:4      | Noticed an orc warrior
  4234 | D:4      | Slain by an orc warrior

Illustrated notes

Levels and vault maps discovered:
D:1:      onia_arrival_mini_spirals, layout_basic, minmay_octomino_c4
D:2:      layout_basic, shapermc_ecumenical_altar_mp_highgroup,
          nicolae_elevator_lobby_plus
D:3:      layout_loops_ring
D:4:      layout_loops_ring, nicolae_overflow_crystal_walls,
          gammafunk_ghost_smash, corexii_leaking_fountain,
          hangedman_decor_diamond_cutter

Skill      XL: |  1  2  3  4  5 |
---------------+----------------+-----
Axes           | 3 |  3.6
Fire Magic     | 3 |  3.7
Dodging        | 1 |  1.1
Stealth        | 1 |  1.0
Spellcasting   | 2 |  2.1
Fighting       | |  3.5

Action                   |  1- 3 |  4- 6 || total
-------------------------+-------+-------++-------
Melee: Hand axe          |   127 |    28 ||   155
       Punch             |     1 |     1 ||     2
 Cast: Scorch            |    13 |    13 ||    26
  Use: Scroll            |     6 |     2 ||     8
 Stab: Sleeping          |     1 |       ||     1
Armor: Robe              |    48 |    13 ||    61
Dodge: Dodged            |    89 |    21 ||   110
